AoeStats
← Nikox_2015

Arena

504633134Analyzed
4v4 RM · 26d ago on Sep 6, 2026· 43m 7s· 8 players
Game mode
Random Map
Map size
Large (8 player)
Population
200
Speed
Normal
Resources
Standard
Victory
Conquest
Starting age
Dark Age
Ending age
Imperial Age
RankedLock teamsTeams togetherTeam positionsShared explorationLock speedFull tech treeHidden civsTurbo modeCheats
Victory
Defeat
🇨🇫 Spanish · Central African Republic
1135
+12
🇺🇸 Bohemians · United States
1097
+14
🇳🇱 Dravidians · Netherlands
1084
+14
🇩🇪 Mongols · Germany
1078
+14
🇨🇱 Persians · Chile
1369
-25
🇨🇱 Mapuche · Chile
1121
-16
🇨🇱 Burgundians · Chile
847
-7
🇨🇱 Britons · Chile
837
-6
nsimeone11
10:31 Feudal Age
14:41 Castle Age
12:44 Double-Bit Axe
13:07 Horse Collar
17:01 Bow Saw
21:06 Heavy Plow
21:52 Town Watch
26:09 Imperial Age
24:20 Wheelbarrow
23:32 Loom
25:21 Forging
25:11 Scale Mail Armor
26:16 Chemistry
25:51 Hand Cart
26:43 Iron Casting
26:37 Pikeman
27:17 Squires
27:02 Arson
27:34 Chain Mail Armor
29:05 Two-Man Saw
28:02 Town Watch
27:51 Halberdier
29:32 Blast Furnace
29:30 Siege Engineers
30:32 Plate Mail Armor
31:03 Houfnice
32:43 Town Patrol
34:21 Fletching
37:14 Bodkin Arrow
37:19 Padded Archer Armor
41:28 Leather Archer Armor
41:13 Bracer
theDude
11:01 Feudal Age
15:03 Castle Age
13:54 Stone Mining
14:30 Double-Bit Axe
15:10 Loom
17:51 Gold Mining
21:37 Fletching
33:49 Bow Saw
36:18 Ballistics
35:58 Bodkin Arrow
36:29 Husbandry
37:47 Gold Shaft Mining
38:04 Bloodlines
41:42 Horse Collar
42:12 Padded Archer Armor
42:23 Forging
Sherlock_holmes
10:58 Feudal Age
14:45 Castle Age
12:54 Double-Bit Axe
18:07 Bow Saw
21:43 Wheelbarrow
23:02 Horse Collar
23:42 Stone Mining
24:31 Hand Cart
24:21 Gold Mining
26:14 Forging
27:40 Ballistics
27:13 Fletching
30:22 Imperial Age
27:51 Bodkin Arrow
28:31 Pikeman
29:11 Squires
29:13 Scale Mail Armor
29:55 Iron Casting
29:46 Heavy Plow
30:46 Chain Mail Armor
30:33 Town Watch
30:25 Halberdier
31:09 Bracer
31:35 Conscription
32:29 Blast Furnace
31:35 Gambesons
31:54 Man-at-Arms
35:07 Wootz Steel
34:53 Medical Corps
36:02 Plate Mail Armor
35:34 Padded Archer Armor
35:29 Elite Elephant Archer
36:15 Thumb Ring
36:14 Long Swordsman
38:06 Elite Skirmisher
38:50 Padded Archer Armor
39:28 Caravan
39:47 Fortified Wall
40:44 Chemistry
39:37 Two-Handed Swordsman
cevbv
1:33 Loom
11:30 Feudal Age
13:18 Town Watch
13:22 Double-Bit Axe
13:24 Horse Collar
17:16 Forging
22:19 Castle Age
20:42 Stone Mining
21:40 Gold Mining
23:30 Bow Saw
23:22 Heavy Plow
24:06 Padded Archer Armor
29:41 Ballistics
30:17 Wheelbarrow
30:36 Leather Archer Armor
32:21 Murder Holes
32:36 Fortified Wall
32:01 Pikeman
34:00 Fletching
34:45 Iron Casting
35:03 Husbandry
35:14 Bloodlines
35:03 Light Cavalry
36:12 Gambesons
36:39 Scale Mail Armor
40:43 Hand Cart
41:28 Scale Barding Armor
41:38 Chain Mail Armor
RazielCandevixx
5:58 Double-Bit Axe
13:06 Feudal Age
11:21 Horse Collar
15:58 Heavy Plow
19:09 Castle Age
17:38 Bow Saw
18:21 Gold Mining
23:32 Two-Man Saw
25:47 Crop Rotation
25:39 Loom
29:20 Imperial Age
27:13 Husbandry
27:20 Cavalier
29:36 Wheelbarrow
29:06 Town Watch
29:54 Elite Skirmisher
30:40 Fletching
31:21 Conscription
31:11 Light Cavalry
34:20 Chemistry
33:40 Forging
33:36 Scale Barding Armor
37:14 Elite Coustillier
40:09 Man-at-Arms
42:16 Iron Casting
42:01 Chain Barding Armor
41:26 Pikeman
42:07 Long Swordsman
Nikox_2015
11:06 Feudal Age
9:22 Loom
15:50 Castle Age
21:24 Imperial Age
20:03 Double-Bit Axe
20:01 Horse Collar
21:39 Heavy Plow
28:07 Pikeman
34:40 Man-at-Arms
pabloyx
10:43 Feudal Age
8:59 Loom
14:42 Castle Age
12:45 Double-Bit Axe
12:42 Horse Collar
15:49 Gold Mining
18:36 Elite Skirmisher
22:09 Fletching
23:28 Padded Archer Armor
25:33 Bodkin Arrow
27:33 Pikeman
32:59 Bow Saw
33:04 Heavy Plow
Tecno
7:12 Loom
10:35 Feudal Age
14:36 Castle Age
13:05 Double-Bit Axe
13:18 Horse Collar
19:52 Town Watch
24:18 Wheelbarrow
23:33 Stone Mining
23:37 Gold Mining
24:02 Bow Saw
28:54 Imperial Age
27:17 Hand Cart
27:05 Town Patrol
27:52 Heavy Plow
28:31 Scale Barding Armor
28:36 Forging
29:31 Conscription
29:24 Bloodlines
29:14 Husbandry
29:31 Masonry
30:08 Chain Barding Armor
29:45 Heavy Camel Rider
33:37 Padded Archer Armor
33:27 Fletching
34:12 Iron Casting
33:35 Crossbowman
34:38 Leather Archer Armor
34:30 Kamandaran
37:11 Bodkin Arrow
38:19 Ring Archer Armor
38:50 Blast Furnace
38:25 Plate Barding Armor
38:15 Thumb Ring
38:59 Parthian Tactics
40:36 Chemistry
40:52 Pikeman
41:32 Squires
41:56 Halberdier
Connection lost

Rejoining the realm…

Still unreachable

The connection could not be restored.

Session expired

The server has moved on; the page needs a fresh start.